 Dungeon Crawl Stone Soup version 0.18.1-50-g88ac8fd (webtiles) character file.

144 magog001 the Bolt Thrower (level 5, -2/38 HPs)
             Began as a Formicid Hunter on Nov 19, 2016.
             Slain by a sky beast (5 damage)
             ... on level 3 of the Dungeon.
             The game lasted 00:21:59 (3399 turns).

magog001 the Bolt Thrower (Formicid Hunter)         Turns: 3399, Time: 00:21:59

Health: -2/38      AC:  6    Str: 18    XL:     5   Next: 52%
Magic:  5/5        EV: 12    Int: 10    God:
Gold:   108        SH:  0    Dex: 11    Spells: 0 memorised, 4 levels left

rFire  . . .     SeeInvis +     q - +1 mace
rCold  . . .     Gourm    .     c - +0 leather armour
rNeg   . . .     Faith    .     (no shield)
rPois  .         Spirit   .     (helmet unavailable)
rElec  .         Dismiss  .     (no cloak)
rCorr  .         Reflect  .     o - +0 pair of gloves
SustAt .         Harm     .     s - +1 pair of boots
MR     .....                    (no amulet)
Stlth  ++........               u - ring of wizardry
                                l - ring of see invisible

@: not resistant to hostile enchantments, unstealthy
A: permanent stasis, dig shafts and tunnels, four strong arms, antennae 3
a: Dig, Shaft Self


You were on level 3 of the Dungeon.
You were not hungry.

You visited 1 branch of the dungeon, and saw 4 of its levels.

You collected 108 gold pieces.

Inventory:

Hand Weapons
 a - a +1 hand crossbow
 b - a +0 short sword
 e - a +0 blowgun
 q - a +1 mace (weapon)
Missiles
 g - 12 poisoned needles
 h - 43 arrows
 p - 5 tomahawks (quivered)
Armour
 c - a +0 leather armour (worn)
 k - a +0 leather armour
 o - a +0 pair of gloves (worn)
 r - a +0 leather armour
 s - a +1 pair of boots (worn)
 w - a +0 large shield
Jewellery
 l - a ring of see invisible (left hand)
 u - a ring of wizardry (right hand)
Wands
 v - a wand of enslavement (24/24)
Scrolls
 A - a scroll of remove curse
Comestibles
 f - a bread ration
 j - a beef jerky
 n - a slice of pizza
 t - a meat ration


   Skills:
 + Level 2.1 Fighting
 + Level 0.2 Short Blades
 + Level 0.2 Maces & Flails
 * Level 5.2 Crossbows
 * Level 0.8 Throwing
 * Level 1.3 Armour
 * Level 2.7 Dodging
 * Level 2.3 Stealth


You had 4 spell levels left.
You didn't know any spells.

Dungeon Overview and Level Annotations

Branches:
Dungeon (4/15)
 Temple: D:4-7

Altars:
Dithmenos
Fedhas
Xom

Annotations:
D:3 Duraxyll's ghost, amateur MfBe


Innate Abilities, Weirdness & Mutations

You are under a permanent stasis effect.
You can dig through walls and to a lower floor.
Your four strong arms can wield two-handed weapons with a shield.
You have a pair of large antennae on your head (SInv).


Message History

The poisoned needle closely misses the sky beast.
The sky beast hits you. The sky beast shocks you.
q - a +1 mace (weapon)
The sky beast flickers out of sight for a moment.
The sky beast hits you but does no damage.
You hit the sky beast.
The sky beast is moderately wounded.
The sky beast hits you but does no damage.
You barely miss the sky beast.
The sky beast is moderately wounded.
The sky beast hits you. The sky beast shocks you. The sky beast hits you.
* * * LOW HITPOINT WARNING * * *
The sky beast shocks you.
* * * LOW HITPOINT WARNING * * *
You hit the sky beast but do no damage.
The sky beast is moderately wounded.
The sky beast hits you.
* * * LOW HITPOINT WARNING * * *
The sky beast shocks you.
You die...

#...........#######..
#...........# #......
#...........# #......
#...........###......
#.............+......
#........#.####......
#..........####......
..######........#....#..
.........@........#....###
#....####Y#.......#....#
#........(#.#######....###
#.....##....# #.......
#...........# ##+#.###
#.....##...#########...... ###
#.....#............######. #.#
##.......((..######......#.
###.###.....##.#+#.###########.#.


You could see a sky beast (invisible).

Vanquished Creatures
  Ijyb (D:2)
  A worker ant (D:3)
  2 adders (D:2)
  A dart slug (D:1)
  2 giant geckos
  2 orcs (D:3)
  10 bats
  3 giant cockroaches (D:1)
  7 goblins
  5 hobgoblins
  10 jackals
  10 kobolds
  3 quokkas
  3 giant newts
  8 rats
68 creatures vanquished.

Notes
Turn   | Place    | Note
--------------------------------------------------------------
     0 | D:1      | magog001 the Formicid Hunter began the quest for the Orb.
     0 | D:1      | Reached XP level 1. HP: 16/16 MP: 1/1
    75 | D:1      | Reached XP level 2. HP: 22/22 MP: 2/2
   575 | D:1      | Reached XP level 3. HP: 20/27 MP: 3/3
  1339 | D:2      | Reached XP level 4. HP: 26/33 MP: 4/4
  1553 | D:2      | Found a shimmering altar of Xom.
  1554 | D:2      | Found a shimmering altar of Xom.
  1555 | D:2      | Found a shimmering altar of Xom.
  1560 | D:2      | Found a shimmering altar of Xom.
  1561 | D:2      | Found a shimmering altar of Xom.
  1561 | D:2      | Found a shimmering altar of Xom.
  1561 | D:2      | Found a shimmering altar of Xom.
  1561 | D:2      | Found a shimmering altar of Xom.
  1562 | D:2      | Found a shimmering altar of Xom.
  1567 | D:2      | You fall through a shaft for 2 floors!
  1635 | D:3      | Found a shadowy altar of Dithmenos.
  1642 | D:3      | Reached skill level 5 in Crossbows
  1867 | D:2      | Noticed Ijyb
  1884 | D:2      | Killed Ijyb
  2002 | D:2      | Reached skill level 1 in Armour
  2080 | D:2      | Reached XP level 5. HP: 38/38 MP: 5/5
  2885 | D:3      | Found a blossoming altar of Fedhas.
  2930 | D:3      | Noticed Duraxyll's ghost (amateur MfBe)
  3381 | D:3      | Noticed a sky beast
  3399 | D:3      | Slain by a sky beast

Skill      XL: |  1  2  3  4 |
---------------+-------------+-----
Dodging        | 2 |  2.7
Crossbows      | 5 |  5.2
Stealth        | 2 |  2.3
Armour         | 1 |  1.3
Fighting       | |  2.1
Short Blades   | |  0.2
Maces & Flails | |  0.2
Throwing       | |  0.8

Action                   |  1- 3 |  4- 6 || total
-------------------------+-------+-------++-------
Melee: Short sword       |     5 |     6 ||    11
       Mace              |       |   152 ||   152
 Fire: Hand crossbow     |    82 |    15 ||    97
       Blowgun           |       |     9 ||     9
Throw: Tomahawk          |       |    10 ||    10
 Abil: Dig               |     4 |     5 ||     9
  Use: Scroll            |     2 |     5 ||     7
       Potion            |       |     6 ||     6
  Eat: Pizza             |     1 |       ||     1
       Bread ration      |       |     1 ||     1
       Beef jerky        |       |     1 ||     1
       Chunk             |       |     1 ||     1
Armor: Leather armour    |    19 |   105 ||   124
       Skin              |       |    11 ||    11
Dodge: Dodged            |    35 |   175 ||   210
